 Dungeon Crawl Stone Soup version 0.21.1-1-g345015f (webtiles) character file.

975 xccam the Basher (level 7, -8/50 HPs)
             Began as a Demonspawn Gladiator on Mar 25, 2018.
             Mangled by an orc warrior
             ... wielding a +0 trident
              (12 damage)
             ... on level 5 of the Dungeon.
             The game lasted 00:06:59 (3324 turns).

xccam the Basher (Demonspawn Gladiator)             Turns: 3324, Time: 00:07:00

Health: -8/50      AC:  3    Str: 14 (16) XL:     7   Next: 95%
Magic:  7/7        EV: 15    Int:  8 (9)  God:
Gold:   180        SH:  0    Dex: 14 (15) Spells: 6/6 levels left

rFire    + . .     SeeInvis .   a - +0 flail
rCold    + . .     Gourm    .   (no shield)
rNeg     . . .     Faith    .   h - +0 ring mail
rPois    +         Spirit   .   c - +0 helmet
rElec    +         Reflect  .   j - +0 cloak
rCorr    +         Harm     .   (no gloves)
MR       .....                  (no boots)
Stlth    ++........             (no amulet)
HPRegen  0.16/turn              l - +5 ring of slaying
MPRegen  0.10/turn              m - +2 ring of evasion

@: resistant, corroded
A: talons 1, repulsion field 1, nightstalker 1, spiny 1
a: no special abilities


You were on level 5 of the Dungeon.
You were not hungry.

You visited 1 branch of the dungeon, and saw 5 of its levels.

You collected 180 gold pieces.

Inventory:

Hand Weapons
 a - a +0 flail (weapon)
Missiles
 d - 3 throwing nets (quivered)
Armour
 c - a +0 helmet (worn)
 h - a +0 ring mail (worn)
 j - a +0 cloak (worn)
 s - a +0 plate armour
Jewellery
 l - a +5 ring of slaying (left hand)
 m - a +2 ring of evasion (right hand)
 p - an uncursed ring of ice
Scrolls
 e - 5 scrolls of identify {unknown}
 g - a scroll of magic mapping {unknown}
 k - 2 scrolls of teleportation {unknown}
 o - a scroll of amnesia {unknown}
 q - a scroll of blinking {unknown}
 r - 2 scrolls of remove curse {unknown}
Potions
 b - a potion of degeneration
 i - a potion of resistance
 n - a potion of curing {unknown}
Comestibles
 f - 7 rations


   Skills:
 - Level 2.0 Fighting
 + Level 8.7 Maces & Flails
 - Level 1.7 Throwing
 + Level 1.1 Armour
 - Level 2.6 Dodging


You had 6 spell levels left.
You didn't know any spells.

Dungeon Overview and Level Annotations

Branches:
Dungeon (5/15)
 Temple: D:4-7

Altars:
Okawaru
Wu Jian


Innate Abilities, Weirdness & Mutations

You have sharp toenails.
You are surrounded by a mild repulsion field. (EV +2)
You are slightly more attuned to the shadows.
You are partially covered in sharp spines.


Message History

You are too injured to fight recklessly!
You are too injured to fight recklessly!
You closely miss the orc warrior.
The orc warrior is lightly wounded.
The orc warrior hits you with a trident!!
* * * LOW HITPOINT WARNING * * *
You closely miss the orc warrior. You claw the orc warrior.
The orc warrior is lightly wounded.
The orc warrior closely misses you.
You closely miss the orc warrior.
The orc warrior is lightly wounded.
The orc warrior hits you but does no damage.
It was a potion of resistance.
You feel protected.
It was a potion of degeneration.
There was something very wrong with that liquid.
You feel weakened.
You feel dopey.
You feel clumsy.
The orc warrior is struck by your spines.
The orc warrior hits you with a trident!
You die...

#.....+ ... #<....#.....
######
#.....#.....####.##..
#.....#..............
#...>.+..............
+...o.#..............
#..)@.#..............
#.....#.......##.....
#.....#.......######+
#.....#..............
#....#.....#..............
#....#(....#....รท.........
#....#.....######+###.....
#....#.....#..<....##.....
#....#.....#.......##.....


You could see an orc warrior.

Vanquished Creatures
  A sky beast (D:5)
  A black bear (D:3)
  A bullfrog (D:4)
  2 scorpions
  2 howler monkeys
  A hound (D:4)
  A jelly (D:5)
  An orc wizard (D:3)
  4 orc priests
  A bullfrog skeleton (D:4)
  Jessica (D:2)
  A centaur skeleton (D:4)
  2 worker ants
  Natasha (thrice) (D:2)
  3 gnolls (D:3)
  3 adders
  3 oozes (D:1)
  2 worms
  A dart slug (D:2)
  2 leopard geckos
  12 orcs
  2 giant cockroaches (D:3)
  3 goblins
  6 hobgoblins
  6 jackals (D:4)
  2 quokkas
  A ball python (D:2)
  7 bats
  3 frilled lizards
  7 kobolds
  7 rats
92 creatures vanquished.

Notes
Turn   | Place    | Note
-------+----------+-------------------------------------------
     0 | D:1      | xccam the Demonspawn Gladiator began the quest for the Orb.
     0 | D:1      | Reached XP level 1. HP: 16/16 MP: 1/1
   147 | D:1      | Reached skill level 3 in Maces & Flails
   147 | D:1      | Gained mutation: You have sharp toenails. [demonic ancestry]
   147 | D:1      | Reached XP level 2. HP: 13/22 MP: 2/2
   526 | D:1      | Gained mutation: You are slightly more attuned to the shadows. [demonic ancestry]
   526 | D:1      | Reached XP level 3. HP: 25/27 MP: 3/3
   608 | D:2      | Reached skill level 4 in Maces & Flails
   640 | D:2      | Noticed Jessica
   645 | D:2      | Killed Jessica
   645 | D:2      | Reached XP level 4. HP: 22/33 MP: 4/4
   649 | D:2      | Noticed Natasha
   656 | D:2      | Killed Natasha
   950 | D:2      | Noticed Natasha
   962 | D:2      | Killed Natasha
   962 | D:2      | Reached skill level 5 in Maces & Flails
  1117 | D:2      | Noticed Natasha
  1123 | D:2      | Killed Natasha
  1123 | D:2      | Gained mutation: You are surrounded by a mild repulsion field. (EV +2) [demonic ancestry]
  1123 | D:2      | Reached XP level 5. HP: 38/38 MP: 5/5
  1937 | D:3      | Found an ornate altar of the Wu Jian Council.
  1940 | D:3      | Noticed a black bear
  1948 | D:3      | Killed a black bear
  1948 | D:3      | Reached skill level 6 in Maces & Flails
  1948 | D:3      | Reached XP level 6. HP: 42/44 MP: 6/6
  2308 | D:3      | Found an iron altar of Okawaru.
  2497 | D:4      | Reached skill level 7 in Maces & Flails
  2554 | D:4      | Gained mutation: You are partially covered in sharp spines. [demonic ancestry]
  2554 | D:4      | Reached XP level 7. HP: 41/50 MP: 7/7
  3093 | D:5      | Entered Level 5 of the Dungeon
  3102 | D:5      | Reached skill level 8 in Maces & Flails
  3317 | D:5      | Reached skill level 1 in Armour
  3324 | D:5      | Mangled by an orc warrior

Skill      XL: |  1  2  3  4  5  6  7 |
---------------+----------------------+-----
Maces & Flails | 3 4 5 6 7 8 |  8.7
Armour         | 1 |  1.1
Fighting       | |  2.0
Throwing       | |  1.7
Dodging        | |  2.6

Action                   |  1- 3 |  4- 6 |  7- 9 || total
-------------------------+-------+-------+-------++-------
Melee: Flail             |    58 |   117 |    46 ||   221
       Kick              |     7 |    32 |    15 ||    54
  Use: Potion            |       |     4 |     2 ||     6
 Stab: Sleeping          |     1 |     3 |     4 ||     8
  Eat: Chunk             |       |     5 |     3 ||     8
Armor: Leather armour    |    22 |     8 |       ||    30
       Ring mail         |       |    11 |    12 ||    23
Dodge: Dodged            |    49 |    93 |    25 ||   167
